 Dungeon Crawl Stone Soup version 0.18-a0-1413-g4eaa9ac (webtiles) character file.

203 Duffy the Twirler (level 5, -1/41 HPs)
             Began as a Demonspawn Gladiator on Feb 26, 2016.
             Was a Follower of Makhleb.
             Slain by an ice beast (4 damage)
             ... on level 5 of the Dungeon.
             The game lasted 00:03:37 (3160 turns).

Duffy the Twirler (Demonspawn Gladiator)            Turns: 3160, Time: 00:03:37

Health: -1/41      AC: 10    Str: 16    XL:     5   Next: 51%
Magic:  0/5        EV: 10    Int:  9    God:    Makhleb [*.....]
Gold:   253        SH:  0    Dex: 14    Spells: 0 memorised, 4 levels left

rFire  + . .     SeeInvis .     a - +0 quarterstaff
rCold  . . .     Gourm    .     k - +0 scale mail
rNeg   . . .     Faith    .     (shield currently unavailable)
rPois  .         Spirit   +     (helmet restricted)
rElec  .         Dismiss  .     n - +1 cloak
rCorr  .         Reflect  .     (no gloves)
SustAt .         Harm     .     (no boots)
MR     .....                    i - amulet of guardian spirit
Stlth  ..........               (no ring)
                                (no ring)

@: not resistant to hostile enchantments, extremely unstealthy
A: antennae 1, thin metallic scales 1, fire resistance 1
a: Renounce Religion


You were on level 5 of the Dungeon.
You worshipped Makhleb.
Makhleb was aware of your devotion.
You were not hungry.

You visited 1 branch of the dungeon, and saw 5 of its levels.

You collected 253 gold pieces.


Innate Abilities, Weirdness & Mutations

You have a pair of small antennae on your head.
You are partially covered in thin metallic scales (AC +2).
Your flesh is heat resistant.


   Skills:
 - Level 3.5 Fighting
 + Level 5.0 Staves
 - Level 1.7 Throwing
 - Level 2.6 Dodging


You had 4 spell levels left.
You didn't know any spells.

Inventory:

Hand Weapons
 a - a +0 quarterstaff (weapon)
Missiles
 d - 3 throwing nets (quivered)
 s - 10 poisoned needles
Armour
 k - a +0 scale mail (worn)
 n - a +1 cloak (worn)
 q - a +0 plate armour
Jewellery
 i - an amulet of guardian spirit (around neck)
Scrolls
 e - 4 scrolls of remove curse
 j - 2 scrolls of teleportation
 l - a scroll of random uselessness {unknown}
 m - a scroll of noise {unknown}
 o - a scroll of enchant weapon {unknown}
 p - a scroll of magic mapping {unknown}
Potions
 b - a potion of cure mutation {unknown}
 g - 2 potions of heal wounds
 h - a potion of lignification {unknown}
 r - a potion of curing
 w - a potion of might
Books
 v - a book of Summonings
Comestibles
 f - 4 bread rations
 t - a beef jerky
 u - 6 fruits

Dungeon Overview and Level Annotations

Branches:
Dungeon (5/15)
 Temple: D:4-7

Altars:
Cheibriados
Makhleb
Pakellas


Message History

You are too injured to fight recklessly!
You are too injured to fight recklessly!
You are too injured to fight recklessly!
You are too injured to fight recklessly!
You barely miss the ice beast.
The ice beast is moderately wounded.
The ice beast hits you but does no damage.
You hit the ice beast.
The ice beast is moderately wounded.
The ice beast hits you but does no damage.
You sock the ice beast!
The ice beast is heavily wounded.
The ice beast hits you but does no damage.
You closely miss the ice beast.
The ice beast is heavily wounded.
The ice beast closely misses you.
You hit the ice beast.
The ice beast is severely wounded.
The ice beast barely misses you.
You barely miss the ice beast.
The ice beast is severely wounded.
The ice beast hits you. The ice beast freezes you!
You closely miss the ice beast.
The ice beast is severely wounded.
The ice beast hits you but does no damage. x2
You hit the ice beast.
The ice beast is severely wounded.
The ice beast barely misses you.
You hit the ice beast but do no damage.
The ice beast is severely wounded.
The ice beast completely misses you.
You barely miss the ice beast.
The ice beast is severely wounded.
The ice beast hits you. The ice beast freezes you.
You die...

. ..#
....#########
............##.
...............
.......@.......
##.#....Y......
#...........
.............
###..........<
#...........
###.........
.......###


You could see an ice beast.

Action                   |  1- 3 |  4- 6 || total
-------------------------+-------+-------++-------
Melee: Quarterstaff      |   103 |   113 ||   216
  Use: Scroll            |       |     5 ||     5
  Eat: Chunk             |     3 |     4 ||     7

Notes
Turn   | Place    | Note
--------------------------------------------------------------
     0 | D:1      | Duffy the Demonspawn Gladiator began the quest for the Orb.
     0 | D:1      | Reached XP level 1. HP: 16/16 MP: 1/1
   266 | D:2      | Reached skill level 3 in Staves
   266 | D:2      | Gained mutation: You have a pair of small antennae on your head. [demonic ancestry]
   266 | D:2      | Reached XP level 2. HP: 13/23 MP: 2/2
   559 | D:2      | Found a burning altar of Makhleb.
   580 | D:2      | Became a worshipper of Makhleb the Destroyer
   940 | D:1      | Reached skill level 3 in Fighting
   940 | D:1      | Gained mutation: Your flesh is heat resistant. [demonic ancestry]
   940 | D:1      | Reached XP level 3. HP: 27/29 MP: 3/3
  1600 | D:2      | Reached * piety under Makhleb
  1873 | D:2      | Reached XP level 4. HP: 35/35 MP: 4/4
  2102 | D:3      | Reached skill level 4 in Staves
  2328 | D:3      | Gained mutation: You are partially covered in thin metallic scales (AC +2). [demonic ancestry]
  2328 | D:3      | Reached XP level 5. HP: 41/41 MP: 5/5
  2423 | D:3      | Found a snail-covered altar of Cheibriados.
  2634 | D:3      | Reached ** piety under Makhleb
  2755 | D:4      | Found an oddly glowing altar of Pakellas.
  2994 | D:4      | Reached skill level 5 in Staves
  3137 | D:5      | Entered Level 5 of the Dungeon
  3137 | D:5      | Noticed an ice beast
  3160 | D:5      | Slain by an ice beast

Vault maps used:
D:1:      dpeg_arrival_radiant
D:2:      lemuel_doored_altar
D:3:      lemuel_round_altar, first_bread, kennysheep_big_empty_room
D:4:      nicolae_overflow_hidden_temple, moated_statue
D:5:      yredelemnul_forgotten_temple_becter, nemelex_xobeh_ov_fountains_minmay

Vanquished Creatures
  A worker ant
  A hound skeleton
  3 gnolls
  5 adders
  2 oozes
  A worm
  3 dart slugs
  2 giant geckos
  4 orcs
  3 giant cockroaches
  7 goblins
  8 hobgoblins
  5 jackals
  2 quokkas
  A ball python
  5 bats
  2 giant newts
  2 kobolds
  9 rats
66 creatures vanquished.
